 Dungeon Crawl Stone Soup version 0.29.1-13-g9f3cf754e1 (webtiles) character file.

Game seed: 8455797540222525423

957 Oxelix the Cleaver (level 7, -5/66 HPs)
             Began as a Minotaur Fighter on Feb 1, 2023.
             Slain by a killer bee (7 damage)
             ... on level 6 of the Dungeon.
             The game lasted 00:06:23 (4755 turns).

Oxelix the Cleaver (Minotaur Fighter)               Turns: 4755, Time: 00:06:24

Health: -5/66      AC:  9    Str: 23    XL:     7   Next: 91%
Magic:  6/6        EV:  6    Int:  5    God:
Gold:   312        SH:  8    Dex:  9    Spells: 6/6 levels left

rFire   + . .      SeeInvis .   a - +0 war axe
rCold   + . .      Faith    .   f - +0 kite shield
rNeg    . . .      Spirit   .   h - +0 chain mail
rPois   +          Reflect  .   (helmet restricted)
rElec   +          Harm     .   (no cloak)
rCorr   +          Rampage  .   (no gloves)
Will    .....                   (no boots)
Stlth   ..........              (no amulet)
HPRegen 0.21/turn               (no ring)
MPRegen 0.10/turn               (no ring)

@: lethally poisoned (-5 -> -11), resistant
A: horns 2, retaliatory headbutt
a: no special abilities


You were on level 6 of the Dungeon.
You visited 1 branch of the dungeon, and saw 7 of its levels.
You also visited: Sewer.

You collected 312 gold pieces.

Inventory:

Hand Weapons
 a - a +0 war axe (weapon)
Missiles
 l - a throwing net (quivered)
 s - 23 poisoned darts
 w - 3 boomerangs
Armour
 f - a +0 kite shield (worn)
 h - a +0 chain mail (worn)
Jewellery
 p - a ring of magical power
Wands
 u - a wand of paralysis (4)
 y - a wand of mindburst (13)
Scrolls
 b - a scroll of fog {unknown}
 c - 2 scrolls of noise {unknown}
 e - 5 scrolls of identify {unknown}
 j - a scroll of fear {unknown}
 k - 2 scrolls of poison {unknown}
 m - 3 scrolls of enchant armour {unknown}
 n - a scroll of vulnerability {unknown}
Potions
 d - a potion of haste
 g - 2 potions of magic
 i - 4 potions of attraction {unknown}
 o - 3 potions of brilliance {unknown}
 r - a potion of ambrosia {unknown}
 t - a potion of flight {unknown}
 v - a potion of resistance
 x - a potion of cancellation {unknown}
 z - a potion of might


   Skills:
 + Level 7.2 Fighting
 * Level 9.2 Axes
 - Level 3.6 Armour
 - Level 3.6 Shields


You had 6 spell levels left.
You didn't know any spells.
Your spell library contained the following spells:

 Spells                   Type           Power      Damage    Failure   Level
 Sandblast                Erth           0%         2d4       100%        1
 Passwall                 Tmut/Erth      0%         N/A       100%        2
 Stone Arrow              Conj/Erth      0%         3d7       100%        3


Dungeon Overview and Level Annotations

Branches:
Dungeon (7/15)              Sewer (visited)
 Temple: D:4-7

Altars:
Hepliaklqana
Makhleb
Nemelex Xobeh
Qazlal


Innate Abilities, Weirdness & Mutations

You have a pair of horns on your head.
You reflexively headbutt those who attack you in melee.


Message History

* * * LOW HITPOINT WARNING * * *
You block the killer bee's attack.
The killer bee stings you but does no damage.
You feel better.
The killer bee stings you but does no damage.
The killer bee stings you.
* * * LOW HITPOINT WARNING * * *
You are poisoned.
The killer bee poisons you!
The iguana bites you but does no damage.
The killer bee stings you.
* * * LOW HITPOINT WARNING * * *
The killer bee stings you but does no damage.
You feel better. You block the killer bee's attack. The killer bee stings you.
The iguana bites you!
* * * LOW HITPOINT WARNING * * *
The killer bee stings you.
* * * LOW HITPOINT WARNING * * *
You are poisoned.
The killer bee poisons you! The killer bee stings you.
* * * LOW HITPOINT WARNING * * *
You are lethally poisoned!
The killer bee poisons you!
You feel better.
The killer bee stings you but does no damage.
The killer bee stings you.
* * * LOW HITPOINT WARNING * * *
You are poisoned.
The killer bee poisons you! The iguana bites you!
* * * LOW HITPOINT WARNING * * *
You block the killer bee's attack. The killer bee closely misses you.
You furiously retaliate!
You headbutt the killer bee!
It was a potion of resistance.
You feel protected.
* * * LOW HITPOINT WARNING * * *
You feel very sick.
The killer bee stings you but does no damage.
The killer bee closely misses you. You block the iguana's attack.
The killer bee stings you!
You die...

#.###+##
#......#
#......#
#......#
#......#
#......###.#
#...yl......
#..@.......
###.y.###.#
....#
#......
#.......
#...#####
##+#. ?


You could see an iguana and 2 killer bees.

Vanquished Creatures
  A black bear (D:5)
  Pargi (Sewer)
  A kobold brigand (D:7)
  3 scorpions
  A necrophage (D:4)
  A killer bee (D:6)
  2 hounds (D:4)
  A jelly (D:5)
  2 orc priests
  3 orc wizards
  8 adders
  A river rat (D:3)
  An ufetubus (D:3)
  A worm (D:2)
  3 dart slugs
  15 orcs
  8 ball pythons
  9 endoplasms
  10 giant cockroaches
  4 goblins
  5 hobgoblins
  17 kobolds
  4 quokkas
  11 bats
  A frilled lizard (D:3)
  10 rats
124 creatures vanquished.

Notes
Turn   | Place    | Note
-------+----------+-------------------------------------------
     0 | D:1      | Oxelix the Minotaur Fighter began the quest for the Orb.
     0 | D:1      | Reached XP level 1. HP: 19/19 MP: 0/0
   123 | D:1      | Reached skill level 3 in Axes
   153 | D:1      | Reached XP level 2. HP: 27/27 MP: 1/1
   772 | D:1      | Reached XP level 3. HP: 33/33 MP: 2/2
  1082 | D:2      | Reached skill level 4 in Axes
  1748 | D:2      | Found a faded altar of an unknown god.
  1980 | D:3      | Found a hazy altar of Hepliaklqana.
  2036 | D:3      | Reached XP level 4. HP: 34/41 MP: 3/3
  2365 | D:3      | Reached skill level 5 in Axes
  2391 | D:3      | Found a glowing drain.
  2402 | Sewer    | Entered a sewer
  2441 | Sewer    | Noticed Pargi
  2448 | Sewer    | Killed Pargi
  2449 | Sewer    | Reached skill level 5 in Fighting
  2449 | Sewer    | Reached XP level 5. HP: 46/48 MP: 4/4
  2735 | D:3      | Reached skill level 6 in Axes
  3044 | D:3      | Found a sparkling altar of Nemelex Xobeh.
  3156 | D:3      | Reached XP level 6. HP: 42/57 MP: 5/5
  3256 | D:4      | Reached skill level 7 in Axes
  3799 | D:4      | Reached XP level 7. HP: 63/63 MP: 6/6
  4053 | D:4      | Reached skill level 8 in Axes
  4163 | D:4      | Found a burning altar of Makhleb.
  4442 | D:5      | Entered Level 5 of the Dungeon
  4651 | D:5      | Found a stormy altar of Qazlal.
  4692 | D:5      | You fall into a shaft and drop 2 floors!
  4710 | D:7      | Reached skill level 9 in Axes
  4755 | D:6      | HP: 2/66 [poisoned by a killer bee]
  4755 | D:6      | Slain by a killer bee

Illustrated notes

Levels and vault maps discovered:
D:1:      lordsloth_arrival_two_stooges, layout_basic
D:2:      layout_basic, shapermc_ecumenical_altar_mp_highgroup,
          hangedman_decor_growths, grunt_decor_fettered,
          chequers_serial_rivers_small_3, minmay_misc_feat_x
D:3:      layout_rooms, overflow_temple_1_default,
          nemelex_xobeh_ov_fountains_minmay, gup_sewer_entry_bubbles,
          minmay_liquid_box
D:4:      layout_cave_pods, makhleb_heckhound_becter, serial_glass,
          glass_columns_a, glass_columns_b, glass_columns_a, glass_columns_a,
          glass_columns_a, glass_columns_a, glass_columns_a, glass_columns_b
D:5:      layout_rooms, mainiacjoe_overflow_brackets, marbit_many_paths,
          minmay_temple_entry_ruins, serial_shops, shop
D:6:      layout_basic, lemuel_doored_altar, nicolae_sif_muna_condensation,
          minivault_23, nrook_loot_triangle
D:7:      layout_basic, mainiacjoe_overflow_24_doors,
          lightli_bailey_entry_fortress, minmay_quadrilaterals

Skill      XL: |  1  2  3  4  5  6  7 |
---------------+----------------------+-----
Axes           | 3 4 5 6 7 9 |  9.2
Fighting       | 4 5 6 7 |  7.2
Armour         | |  3.6
Shields        | |  3.6

Action                   |  1- 3 |  4- 6 |  7- 9 || total
-------------------------+-------+-------+-------++-------
Melee: War axe           |    84 |   135 |    86 ||   305
       Headbutt          |     8 |    15 |    12 ||    35
  Use: Potion            |       |     1 |     7 ||     8
Armor: Scale mail        |     6 |       |       ||     6
       Chain mail        |    36 |    75 |    63 ||   174
Dodge: Dodged            |    27 |    38 |    34 ||    99
Block: Kite shield       |    47 |    70 |    48 ||   165
       Buckler           |     1 |       |       ||     1
